Cogmind - Beta 17 @@@ ROGUE MODE // 2026.07.01 @ 12:44:53 Player: szymekc Result: Destroyed by as-00346 with Assembled Heavy Rifle Performance ------------- Evolutions (4) 2000 Regions Visited (10) 2000 Robots Destroyed (93) 465 Value Destroyed (2699) 2699 Prototype IDs (44) 880 Alien Tech Used (0) 0 Bonus (15302) 15302 TOTAL SCORE: 23346 Bonus ------- Follower Combat Kills 185 Prayed to X0-1V1 5000 Major X0-1V1 Interference 8200 Registered with UFD 300 Met Optimus in HQ 500 Met Imprinter 300 Destroyed Z-Imprinter 1000 Friendly Fire -183 Cogmind --------- Core Integrity 0/1150 Matter 12/300 Energy 98/100 System Corruption 8% Temperature Cool (12) Movement Core (50) Location -6/Deep Caves Parts ------- > --- POWER (2) -------- (None) > --- PROPULSION (7) --- (None) > --- UTILITY (6) ------ Core Analyzer > --- WEAPON (1) ------- (None) > --- INVENTORY (5) ---- Layered Medium Armor Plating Heavy Missile Launcher Multitool Peak State ------------ > --- POWER ------------ Light Fission Core Zionite Light DM Reactor > --- PROPULSION ------- Zionite Composite Leg I Zionite Composite Leg I Zionite Composite Leg I Flightbrick > --- UTILITY ---------- Advanced Melee Analysis Suite Core Analyzer Advanced Phase Shifter Zionite Weapon Casing Enhanced Scrap Shield X0-1V1's Piety Tracker > --- WEAPON ----------- Thunder Hammer > --- INVENTORY -------- Zionite Composite Leg I Zionite Composite Leg I Heavy Missile Launcher Precision Grenade Launcher Multitool [Rating: 125] Favorites ----------- Power Subdweller Power Source Engine Subdweller Power Source Power Core Light Fission Core Reactor Zionite Light DM Reactor Propulsion Subdweller Monowheel Treads Light Treads Leg Zionite Composite Leg I Wheel Subdweller Monowheel Hover Unit Improved Gravmag System Flight Unit Flightbrick Utility Large Storage Unit Device X0-1V1's Piety Tracker Storage Large Storage Unit Processor Advanced Melee Analysis Suite Hackware Makeshift System Shield Protection Scrap Shield Weapon Light Cannon Energy Gun Improved EM Shotgun Energy Cannon Heavy Ion Cannon Ballistic Gun Subdweller Machine Gun Ballistic Cannon Light Cannon Launcher Grenade Launcher Special Weapon Mining Laser Impact Weapon Thunder Hammer Build | -11 -10 -10 -10 -9 -9 -6 -6 -6 -6 -6 ------- Run | Yrd Mat Min Sub Rec Scr Fac Low Low Zio Dee Slots Evolved 8 | . . . . . . 8 . . . . Power . | . . . . . . . . . . . Propulsion 4 | . . . . . . 4 . . . . Utility 4 | . . . . . . 4 . . . . Weapon . | . . . . . . . . . . . Parts Attached 129 | 6 12 14 34 1 12 20 2 6 5 17 Power 21 | 1 2 3 6 . 2 3 1 1 . 2 Engine 16 | 1 2 3 6 . 1 2 . 1 . . Core 3 | . . . . . 1 1 1 . . . Reactor 2 | . . . . . . . . . . 2 Propulsion 32 | 2 1 4 11 1 2 4 . 3 . 4 Treads 9 | 2 1 3 2 . 1 . . . . . Leg 4 | . . . 1 . . . . . . 3 Wheel 11 | . . 1 8 1 1 . . . . . Hover 2 | . . . . . . 1 . . . 1 Flight 6 | . . . . . . 3 . 3 . . Utility 42 | 1 5 2 5 . 4 12 1 2 2 8 Device 20 | 1 3 1 2 . 1 8 . . 1 3 Storage 2 | . 1 . . . 1 . . . . . Processor 5 | . . . . . 1 2 1 1 . . Hackware 1 | . . . . . . 1 . . . . Protection 14 | . 1 1 3 . 1 1 . 1 1 5 Artifact . | . . . . . . . . . . . Weapon 34 | 2 4 5 12 . 4 1 . . 3 3 Energy Gun 6 | 1 2 . 3 . . . . . . . Energy Cannon 2 | . . . . . 2 . . . . . Ballistic Gun 8 | 1 . . 7 . . . . . . . Ballistic Cannon 5 | . 2 2 1 . . . . . . . Launcher 6 | . . 2 1 . 1 . . . 1 1 Special Weapon 6 | . . 1 . . 1 . . . 2 2 Impact Weapon 1 | . . . . . . 1 . . . . Slashing Weapon . | . . . . . . . . . . . Piercing Weapon . | . . . . . . . . . . . Special Melee Weapon . | . . . . . . . . . . . Unidentified Prototypes 14 | . 1 . 1 . . 1 . . 4 7 Parts Lost 38 | . 3 9 8 1 . 4 . 3 . 10 Power 8 | . 1 3 2 . . . . 1 . 1 Propulsion 10 | . . 3 1 1 . 2 . 1 . 2 Utility 13 | . 1 1 2 . . 2 . 1 . 6 Weapon 7 | . 1 2 3 . . . . . . 1 Highest Loss Streak 5 | . 2 5 2 1 . 2 . 2 . 3 To Critical Strikes . | . . . . . . . . . . . Average Backups 9 | 1 8 10 13 10 10 4 3 4 4 4 Power . | . . . 1 1 . . . . . . Propulsion 2 | . 2 4 4 2 2 . . . . . Utility 1 | . 2 2 1 1 2 . . 1 . . Weapon 3 | . 3 3 4 4 2 1 . 1 2 2 Tool/Special . | . . . . . . . . . . . Unused Backups 21 | . 2 . 7 1 1 6 . . 2 2 Power 3 | . 1 . . . . 2 . . . . Propulsion 4 | . 1 . 1 . . . . . . 2 Utility 5 | . . . 3 . 1 1 . . . . Weapon 8 | . . . 3 1 . 2 . . 2 . Tool/Special 1 | . . . . . . 1 . . . . Average Slot Usage (%) 85 | . 96 93 90 100 92 68 62 68 64 56 Engine 15 | . 14 15 23 25 20 7 3 . . . Core 1 | . . . . . 4 1 2 5 5 4 Treads 8 | . 27 16 4 3 9 . . . . . Wheel 8 | . . 1 10 33 27 . . . . . Flight 2 | . . . . . . 12 5 13 17 8 Device 9 | . 9 14 5 12 5 21 16 12 11 9 Storage 9 | . 8 13 11 12 12 . . . . . Processor 2 | . . . . . . 9 12 16 17 11 Protection 4 | . 7 3 6 . . 3 5 5 5 7 Energy Gun 1 | . 8 . 3 . . . . . . . Energy Cannon 1 | . . . . . 9 1 . . . . Ballistic Gun 5 | . 8 . 16 . . . . . . . Ballistic Cannon 7 | . 10 24 4 12 2 . . . . . Impact Weapon 1 | . . . 1 . . 3 5 5 4 3 Peak Build Rating 125 | 8 21 28 32 32 38 108 98 103 110 125 Average Rating 38 | 5 12 20 21 31 28 97 90 97 96 95 On Entrance 48 | . 8 21 28 31 32 38 89 95 92 98 Avg Prop Armor Cover (%) 8 | . 9 . 12 10 11 1 1 1 . 9 Naked Turns . | . . . . . . . . . . . Heaviest Build 60 | 7 38 35 60 34 41 33 22 38 29 43 Greatest Support 72 | 40 40 40 40 60 40 34 24 48 40 72 Greatest Overweight (x) 5 | . 1 3 5 1 1 1 . . . 4 Average Overweight (x) . | . . . 1 . . . . . . . Largest Inventory Capacity 15 | 5 15 15 15 15 15 15 5 5 5 5 Average Capacity 12 | 5 11 15 15 15 15 5 5 5 5 5 Most Carried 15 | 2 15 14 15 15 15 13 5 5 5 5 Average Carried 10 | 1 9 10 13 14 14 5 4 5 4 4 Final Capacity 15 | 5 15 15 15 15 15 5 5 5 5 5 Final Carried 15 | 2 14 12 15 14 15 5 5 5 5 3 Transmogrified Parts 1 | . . 1 . . . . . . . . Class Distribution -------------------- 72% | Mutant 14% | Subdweller-Mutant 5% | Scavenger-Mutant 4% | Gunner Dominant Class ---------------- Mutant | -10/Materials Mutant | -10/Mines Subdweller-Mutant | -10/Subcaves Scavenger-Mutant | -9/Recycling Mutant | -9/Scraptown Mutant | -6/Factory Mutant | -6/Lower Caves Mutant | -6/Lower Caves Mutant | -6/Zion Mutant | -6/Deep Caves Resources | -11 -10 -10 -10 -9 -9 -6 -6 -6 -6 -6 ----------- Run | Yrd Mat Min Sub Rec Scr Fac Low Low Zio Dee Matter Collected 4052 | 273 275 1014 1214 114 191 220 47 50 93 561 Remotely . | . . . . . . . . . . . Salvage Created 3109 | 236 525 281 1219 185 . 261 124 65 . 213 Parts 175 | 22 33 8 67 15 . 7 1 2 . 20 Haulers Intercepted 2 | . 2 . . . . . . . . . Recyclers Shooed 4 | . . 2 . 2 . . . . . . Parts Field Recycled . | . . . . . . . . . . . Retrieved Matter . | . . . . . . . . . . . Parts Self-Destructed 25 | . . . 24 . . . . 1 . . Prevented 2 | . . . . . . . 1 1 . . Parts Restored . | . . . . . . . . . . . Kills | -11 -10 -10 -10 -9 -9 -6 -6 -6 -6 -6 ------- Run | Yrd Mat Min Sub Rec Scr Fac Low Low Zio Dee Combat Hostiles Destroyed 120 | . 12 15 35 5 . 5 3 3 . 42 Melee 7 | . . . . . . 3 1 3 . . Guns 31 | . 9 . 22 . . . . . . . Cannons 21 | . 3 3 9 5 . . . . . 1 AOE 55 | . . 12 4 . . . . . . 39 Classes Destroyed 19 | 3 5 1 4 . . 5 . . . 1 Worker 4 | 2 . 2 . . . . . . . . Builder 3 | . 1 1 . 1 . . . . . . Tunneler 6 | 5 . 1 . . . . . . . . Hauler 2 | . 2 . . . . . . . . . Recycler 6 | 1 2 2 . 1 . . . . . . Operator 1 | . . . . . . 1 . . . . Drone 2 | . . . . . . 1 1 . . . Turret 2 | . . . 2 . . . . . . . Watcher 1 | . . . . . . 1 . . . . Swarmer 13 | . 5 . 4 . . 1 . 3 . . Grunt 25 | . 6 3 11 4 . 1 . . . . Sentry 4 | . 1 . 1 1 . . 1 . . . Hunter 2 | . . . . . . 1 1 . . . Programmer 1 | . . . . . . 1 . . . . Cobbler 1 | . . . 1 . . . . . . . Subdweller 19 | . . . 19 . . . . . . . Scientist 1 | . . . 1 . . . . . . . Z-Light 3 | . . . . . . . . . . 3 Assembled 50 | . . 12 . . . . . . . 38 Best Kill Streak 22 | 4 3 4 6 3 . 2 1 3 . 22 Combat Bots Only 22 | . 3 4 4 2 . 2 1 3 . 22 Max Kills in Single Turn 6 | 1 1 2 2 1 . 1 1 1 . 6 Gunslinging 1 | . . . 1 . . . . . . . Exploded 6 | . . 1 1 . . . . . . 6 Melee 1 | . . . . . . 1 1 1 . . Uniques/NPCs Destroyed 1 | . . . . . . . . . . 1 Z-Imprinter (-6/Deep Caves) Combat | -11 -10 -10 -10 -9 -9 -6 -6 -6 -6 -6 -------- Run | Yrd Mat Min Sub Rec Scr Fac Low Low Zio Dee Hostile Shots Fired 766 | . 108 40 147 34 . 37 25 40 2 333 Missed 289 | . 26 10 44 11 . 13 5 20 1 159 Hits 477 | . 82 30 103 23 . 24 20 20 1 174 Melee 16 | . . 2 . . . . 1 . . 13 Projectile 461 | . 82 28 103 23 . 24 19 20 1 161 AOE 14 | . . 12 2 . . . . . . . Critical Strikes 11 | . 3 . 2 . . . 2 . . 4 Actively Blocked 1 | . . . . . . . . . . 1 Part Disruptions 3 | . . 1 . . . . . . . 2 Damage Taken 9114 | 12 924 911 1977 292 . 375 333 538 12 3740 Core 2231 | . 112 112 280 40 . 34 65 . . 1588 Absorbed by Shields . | . . . . . . . . . . . Redirected to Shielding 121 | . . . . . . . . . . 121 Ignored by Resistances 54 | . . . 54 . . . . . . . Regen/Repaired (Parts) 97 | . 97 . . . . . . . . . Core Remaining (%) 94 | 100 . . . . 89 . . . . . Volleys Fired 347 | 13 62 54 123 35 . 20 . . . 40 Largest 4 | 2 2 2 4 1 . 1 . . . 1 Hottest 161 | 60 85 130 161 33 . 65 . . . 39 Shots Fired 516 | 26 116 75 204 35 . 20 . . . 40 Gun 228 | 26 68 . 134 . . . . . . . Cannon 193 | . 48 40 50 35 . 20 . . . . Launcher 69 | . . 21 14 . . . . . . 34 Special 26 | . . 14 6 . . . . . . 6 Kinetic 335 | 13 85 40 162 35 . . . . . . Thermal 76 | . 24 14 18 . . 20 . . . . Explosive 74 | . . 21 14 . . . . . . 39 Electromagnetic 30 | 13 7 . 10 . . . . . . . Robot Hit Streak 24 | 3 10 8 24 16 . . . . . 7 Robot Miss Streak 6 | 3 6 5 3 3 . . . . . 1 Penetration Max . | . . . . . . . . . . . Secondary Targets 4 | . 1 . 3 . . . . . . . Max Gunslinging Chain 1 | . 1 . 1 . . . . . . . Shots Hit Robots 278 | 13 73 22 109 25 . 8 8 4 1 15 Core Hits 230 | 11 22 37 62 7 . 3 1 1 . 86 Critical Kills 6 | . . . 2 . . 2 1 1 . . Critical Parts Destroyed 9 | . . . 2 . . 2 2 2 . 1 Critical Strikes 22 | . 1 2 6 . . 4 3 3 . 3 Burn 1 | . 1 . . . . . . . . . Destroy 4 | . . . 4 . . . . . . . Blast 4 | . . 2 2 . . . . . . . Smash 12 | . . . . . . 4 3 3 . 2 Sever 1 | . . . . . . . . . . 1 Melee Attacks 95 | . . . 17 . . 23 14 12 2 27 Impact 95 | . . . 17 . . 23 14 12 2 27 Slashing . | . . . . . . . . . . . Piercing . | . . . . . . . . . . . Sneak Attacks 6 | . . . 1 . . 2 2 . 1 . Combat Hostiles 4 | . . . . . . 2 2 . . . Follow-up Attacks . | . . . . . . . . . . . Damage Inflicted 11421 | 193 1152 1042 2700 552 . 645 627 295 147 4068 Guns 2054 | 155 451 . 1448 . . . . . . . Cannons 2091 | . 633 346 560 552 . . . . . . Explosions 4882 | 38 52 687 535 . . . . . . 3570 Melee 2226 | . . . 157 . . 645 627 295 147 355 Ramming 51 | . 16 9 . . . . . . . 26 Kinetic 3627 | 53 830 346 1846 552 . . . . . . Thermal 363 | 38 250 . 75 . . . . . . . Explosive 4792 | . . 687 535 . . . . . . 3570 Electromagnetic 245 | 102 56 . 87 . . . . . . . Impact 2226 | . . . 157 . . 645 627 295 147 355 Slashing 117 | . . . . . . . . . . 117 Piercing . | . . . . . . . . . . . Highest Corruption 64 | . 2 14 20 . . 12 48 64 42 8 Average Corruption 11 | . 2 4 17 . . 12 33 49 42 5 Corruption Purged . | . . . . . . . . . . . Corruption Blocked . | . . . . . . . . . . . Effects 133 | . 7 38 62 . . 1 7 13 1 4 Message Errors 37 | . 4 16 11 . . . 2 3 . 1 Matter Fused 28 | . 2 10 10 . . . 1 3 . 2 Heat Flow Errors 11 | . . 1 8 . . . 1 1 . . Energy Discharges 17 | . 1 2 11 . . . 1 2 . . Parts Rejected 2 | . . . . . . 1 . . . 1 Parts Fused 1 | . . . . . . . 1 . . . Data Loss (minor) 15 | . . 3 11 . . . . . 1 . Data Loss (major) 8 | . . 2 4 . . . 1 1 . . Misfires 6 | . . 3 3 . . . . . . . Alerts 3 | . . 1 2 . . . . . . . Misdirections 3 | . . . . . . . . 3 . . Weapon Failures 2 | . . . 2 . . . . . . . Overload Shots . | . . . . . . . . . . . Overflow Damage 994 | . 24 16 39 . . 342 223 191 . 159 Projectiles 23 | . 23 . . . . . . . . . Explosions 147 | . 1 16 19 . . . . . . 111 Melee 824 | . . . 20 . . 342 223 191 . 48 Knockbacks 25 | . 2 6 3 4 . 3 2 . . 5 Impact 11 | . . . 1 . . 3 2 . . 5 Kinetic 13 | . 2 5 2 4 . . . . . . Secondary 1 | . . 1 . . . . . . . . Self-Inflicted Damage 533 | 12 40 132 143 . . . . . . 206 Shots 16 | 1 1 5 4 . . . . . . 5 Rammed 12 | . 4 2 . . . . . . . 6 Targets Rammed 14 | . 5 3 . . . . . . . 6 Kicked . | . . . . . . . . . . . Crushed 2 | . 1 1 . . . . . . . . Highest Temperature 334 | 40 334 239 221 . . 242 238 264 1 268 Average Temperature 79 | 21 90 62 62 . . 110 104 84 1 76 Received Heat Transfer 1783 | . 336 119 384 129 . 57 102 60 20 576 Effects 7 | . 4 . . . . 2 . 1 . . Energy Bleed 1 | . 1 . . . . . . . . . Interference 4 | . 1 . . . . 2 . 1 . . Short Circuit 2 | . 2 . . . . . . . . . Siege Activations . | . . . . . . . . . . . Martial Activations . | . . . . . . . . . . . Shielding Activations . | . . . . . . . . . . . Robots Disrupted . | . . . . . . . . . . . Combat Hostiles . | . . . . . . . . . . . Robots Corrupted 8 | . . . 1 . . 3 2 . . 2 Combat Hostiles 6 | . . . . . . 2 2 . . 2 Parts Fried 13 | . . . 1 . . 4 2 2 . 4 Impact Corruptions 25 | . . . 1 . . 11 5 5 . 3 Robots Melted . | . . . . . . . . . . . Combat Hostiles . | . . . . . . . . . . . Parts Melted 1 | . . 1 . . . . . . . . Heat Transferred 866 | 50 631 . 185 . . . . . . . Parts Sabotaged . | . . . . . . . . . . . Parts Stolen . | . . . . . . . . . . . Parts Stripped . | . . . . . . . . . . . Power Chain Reactions 2 | 1 1 . . . . . . . . . Alert | -11 -10 -10 -10 -9 -9 -6 -6 -6 -6 -6 ------- Run | Yrd Mat Min Sub Rec Scr Fac Low Low Zio Dee Maximum Alert Level 1 | . . . . 1 . 1 . . . . Low Security (%) 93 | 100 100 100 . 14 . 95 . . . . Level 1 6 | . . . . 85 . 4 . . . . Level 2 . | . . . . . . . . . . . Level 3 . | . . . . . . . . . . . Level 4 . | . . . . . . . . . . . Level 5 . | . . . . . . . . . . . High Security . | . . . . . . . . . . . Max Security . | . . . . . . . . . . . Peak Influence 316 | 10 69 72 . 316 . 272 . . . . Initial 44 | . . 22 . 44 . . . . . . Average 31 | 1 31 8 . 241 . 21 . . . . Influence Increases 2217 | 40 421 242 585 372 . 417 70 70 . . Destroy 0b10 Robot/C 980 | . 240 60 360 100 . 100 60 60 . . Destroy 0b10 Robot/NC 115 | 40 25 30 . 10 . 10 . . . . Destroy Leader 116 | . 64 10 . . . 22 10 10 . . Successful Hack 23 | . 6 5 . 5 . 7 . . . . Select Force Hacks 50 | . 50 . . . . . . . . . Disable Machine 75 | . 30 15 . 15 . 15 . . . . Destroy Structure 111 | . 6 92 . 2 . 11 . . . . Partial Spotted 15 | . . . . . . 15 . . . . Lose Combat Pursuer 300 | . . 30 225 30 . 15 . . . . Miscellaneous 432 | . . . . 210 . 222 . . . . Influence Decreases 2217 | 40 363 255 537 189 276 159 256 142 . . Entered New Map 496 | . . 36 24 49 276 . 96 15 . . Time Decay 1535 | 40 333 203 453 130 . 119 160 97 . . Lost Part 186 | . 30 16 60 10 . 40 . 30 . . Squads Dispatched 8 | . 5 2 . . . 1 . . . . Investigation 3 | . 2 1 . . . . . . . . Extermination 1 | . . . . . . 1 . . . . Reinforcement 3 | . 3 . . . . . . . . . Assault 1 | . . 1 . . . . . . . . Garrison . | . . . . . . . . . . . Intercept . | . . . . . . . . . . . Searches Triggered . | . . . . . . . . . . . Construction Impeded . | . . . . . . . . . . . Haulers Reinforced . | . . . . . . . . . . . Active Scanning Responses . | . . . . . . . . . . . Cargo Convoy Interrupts . | . . . . . . . . . . . Stealth | -11 -10 -10 -10 -9 -9 -6 -6 -6 -6 -6 --------- Run | Yrd Mat Min Sub Rec Scr Fac Low Low Zio Dee Distress Signals 4 | . 3 1 . . . . . . . . Communications Jammed . | . . . . . . . . . . . Distress Signals . | . . . . . . . . . . . Times Spotted 306 | . 22 19 40 7 . 15 12 12 1 178 Peak Tracking Total 101 | . 5 4 5 4 . 4 4 4 1 101 Tactical Retreats 21 | . . 1 3 1 . 3 2 3 . 8 ECM-based Alert Blocks 19 | . . . . . . 2 5 12 . . Traps | -11 -10 -10 -10 -9 -9 -6 -6 -6 -6 -6 ------- Run | Yrd Mat Min Sub Rec Scr Fac Low Low Zio Dee Traps Triggered 8 | . 2 . 5 . . 1 . . . . Indirectly . | . . . . . . . . . . . Trap Hack Attempts . | . . . . . . . . . . . Triggered . | . . . . . . . . . . . Disarmed . | . . . . . . . . . . . Reprogrammed . | . . . . . . . . . . . Reused . | . . . . . . . . . . . Traps Extracted . | . . . . . . . . . . . Installed 1 | . . . 1 . . . . . . . Triggered . | . . . . . . . . . . . Most Traps Carried 1 | . . . . . 1 1 1 . . . Machines | -11 -10 -10 -10 -9 -9 -6 -6 -6 -6 -6 ---------- Run | Yrd Mat Min Sub Rec Scr Fac Low Low Zio Dee Machines Disabled 10 | . 2 1 4 1 . 1 . . . 1 Max in Single Turn 1 | . 1 1 1 1 . 1 . . . . Garrison Access 1 | . . . . . . 1 . . . . Machines Repaired . | . . . . . . . . . . . Machines Dismantled . | . . . . . . . . . . . Machines Sabotaged 1 | . 1 . . . . . . . . . Overloaded Fab Kills . | . . . . . . . . . . . Hacking | -11 -10 -10 -10 -9 -9 -6 -6 -6 -6 -6 --------- Run | Yrd Mat Min Sub Rec Scr Fac Low Low Zio Dee Machines Accessed 17 | . 5 1 2 2 2 4 . 1 . . Terminals 7 | . 3 1 . 2 . 1 . . . . Fabricators . | . . . . . . . . . . . Repair Stations 1 | . 1 . . . . . . . . . Recycling Units 2 | . 1 . . . . 1 . . . . Scanalyzers 1 | . . . . . . 1 . . . . Garrison Access 1 | . . . . . . 1 . . . . Total Hacks 51 | . 14 2 5 4 10 15 . 1 . . Successful 37 | . 8 1 5 2 10 10 . 1 . . Failed 13 | . 6 1 . 2 . 4 . . . . Catastrophic 1 | . 1 . . . . . . . . . Database Lockouts 1 | . . . . . . 1 . . . . Manual 8 | . 2 . . 1 . . . . 5 . Terminals 17 | . 8 2 . 4 . 3 . . . . Fabricators . | . . . . . . . . . . . Repair Stations 5 | . 5 . . . . . . . . . Recycling Units 2 | . 1 . . . . 1 . . . . Scanalyzers 10 | . . . . . . 10 . . . . Garrison Access 1 | . . . . . . 1 . . . . Terminal Hacks 21 | . 2 1 5 1 10 1 . 1 . . Record 13 | . . . 4 . 9 . . . . . Prototype ID Bank 2 | . 1 . . 1 . . . . . . Open Door 1 | . . . . . . . . 1 . . Branch Access Points 2 | . 1 . . . . 1 . . . . Zone Layout 1 | . . 1 . . . . . . . . Proto ID Catalog 2 | . . . 1 . 1 . . . . . Fabricator Hacks . | . . . . . . . . . . . Repair Station Hacks 4 | . 4 . . . . . . . . . Scan Component 2 | . 2 . . . . . . . . . Repair 2 | . 2 . . . . . . . . . Recycling Unit Hacks 2 | . 1 . . . . 1 . . . . Retrieve Components 2 | . 1 . . . . 1 . . . . Scanalyzer 7 | . . . . . . 7 . . . . Insert Component 3 | . . . . . . 3 . . . . Analyze 3 | . . . . . . 3 . . . . Retrieve Study 1 | . . . . . . 1 . . . . Garrison Access Hacks 1 | . . . . . . 1 . . . . Seal Access 1 | . . . . . . 1 . . . . Unauthorized Hacks 2 | . 1 . . 1 . . . . . . Terminals 2 | . 1 . . 1 . . . . . . Botnet 1 | . . . . 1 . . . . . . Sabotage 1 | . 1 . . . . . . . . . Fabricators . | . . . . . . . . . . . Repair Stations . | . . . . . . . . . . . Recycling Units . | . . . . . . . . . . . Scanalyzers . | . . . . . . . . . . . Garrison Access . | . . . . . . . . . . . Data Cores Recovered 1 | . . . . . . 1 . . . . Used . | . . . . . . . . . . . Hacking Detections 8 | . 4 1 . 1 . 2 . . . . Full Trace Events 1 | . 1 . . . . . . . . . Feedback Events . | . . . . . . . . . . . Feedback Blocked . | . . . . . . . . . . . Robot Schematics Acquired 3 | . . . . . . . . . 3 . Robots Built . | . . . . . . . . . . . Authchips . | . . . . . . . . . . . Time . | . . . . . . . . . . . Total Robot Build Rating . | . . . . . . . . . . . Part Schematics Acquired 18 | . . . . . . 3 . . 15 . Parts Built . | . . . . . . . . . . . Authchips . | . . . . . . . . . . . Time . | . . . . . . . . . . . Total Part Build Rating . | . . . . . . . . . . . Part Studies Acquired 1 | . . . . . . 1 . . . . Parts Repaired 2 | . 2 . . . . . . . . . Time 52 | . 52 . . . . . . . . . Parts Recycled . | . . . . . . . . . . . Recycled Matter . | . . . . . . . . . . . Retrieved Matter . | . . . . . . . . . . . Retrieved Components 2 | . 2 . . . . . . . . . Parts Scanalyzed 3 | . . . . . . 3 . . . . Part Schematics Acquired 3 | . . . . . . 3 . . . . Parts Damaged . | . . . . . . . . . . . Bothacking | -11 -10 -10 -10 -9 -9 -6 -6 -6 -6 -6 ------------ Run | Yrd Mat Min Sub Rec Scr Fac Low Low Zio Dee Used RIF Installer . | . . . . . . . . . . . Robots Hacked . | . . . . . . . . . . . Non-combat . | . . . . . . . . . . . Combat . | . . . . . . . . . . . Robot Hacks Applied . | . . . . . . . . . . . Relay Couplers Released . | . . . . . . . . . . . Fabnet Peak Effective % . | . . . . . . . . . . . Robots Rewired . | . . . . . . . . . . . Allies Hacked . | . . . . . . . . . . . Hacks Repelled . | . . . . . . . . . . . Allies | -11 -10 -10 -10 -9 -9 -6 -6 -6 -6 -6 -------- Run | Yrd Mat Min Sub Rec Scr Fac Low Low Zio Dee Total Allies 2 | . . . . . . . . . 2 . Largest Group 2 | . . . . . . . . . 2 2 Highest-Rated Group 192 | . . . . . . . . . 192 192 Highest-Rated Ally 96 | . . . . . . . . . 96 96 Initial UFD Resources 22 | . . . . . . 22 22 22 22 22 Total Orders . | . . . . . . . . . . . Ally Attacks 42 | . . . . . . . . . 2 40 Total Damage 1448 | . . . . . . . . . 47 1401 Kills 9 | . . . . . . . . . . 9 Allies Corrupted . | . . . . . . . . . . . Allies Melted . | . . . . . . . . . . . X0-1V1 Amusement Gains 255 | . 24 61 10 . . 20 . 20 50 70 Good Acts 53 | . 3 8 24 8 . 5 2 3 . . Bad Acts 67 | . 2 9 30 8 . 9 6 3 . . Intel | -11 -10 -10 -10 -9 -9 -6 -6 -6 -6 -6 ------- Run | Yrd Mat Min Sub Rec Scr Fac Low Low Zio Dee Active Infowar (turns) 1669 | 78 224 . . . . 592 337 208 230 . Sensors 509 | . . . . . . 509 . . . . Terrain 265 | 78 51 . . . . 136 . . . . Structural 54 | . 54 . . . . . . . . . Seismic 137 | . 137 . . . . . . . . . Machine Analysis 153 | . . . . . . . 79 74 . . ECM 1018 | . . . . . . 243 337 208 230 . Robot Analysis Total . | . . . . . . . . . . . Derelict Logs Recovered 13 | . . 1 2 . 5 . 2 2 1 . Drone Launches . | . . . . . . . . . . . Drone Recoveries . | . . . . . . . . . . . Exploration | -11 -10 -10 -10 -9 -9 -6 -6 -6 -6 -6 ------------- Run | Yrd Mat Min Sub Rec Scr Fac Low Low Zio Dee Turns Passed 10750 | 181 956 1899 3113 264 1876 624 337 208 442 850 Spaces Moved 7904 | 86 410 371 1797 155 1167 967 694 345 861 1051 Core 110 | 3 . . . . . . . . . 107 Treads 1288 | 83 410 355 126 . 314 . . . . . Legs 154 | . . . . . . . . . . 154 Wheels 2695 | . . 16 1671 155 853 . . . . . Hover . | . . . . . . . . . . . Flight 3657 | . . . . . . 967 694 345 861 790 Fastest Speed 22 | 50 160 110 110 110 110 34 40 40 44 22 Average Speed 96 | 156 173 176 139 110 148 35 40 42 44 54 Slowest Speed 320 | 160 240 240 320 120 240 80 40 44 44 250 Overloaded Moves . | . . . . . . . . . . . Propulsion Burnouts . | . . . . . . . . . . . Robots Hopped 7 | . . . . . . 1 1 3 . 2 Potential Cave-ins 4 | . . . . . . . . . . 4 Cave-ins Triggered 1 | . . . . . . . . 1 . . Exploration Rate (%) 61 | 4 70 62 94 36 79 22 81 56 81 87 Regions Visited 10 Branch Regions 8 Pre-discovered Areas 5 | . . . 1 . 3 . . . 1 . Known Exits Taken 7 | . 1 1 . 1 . 1 1 1 1 . Unknown Exits Taken 3 | 1 . . 1 . 1 . . . . . Scrap Searched 20 | . . 2 6 . 6 . 2 1 3 . Spaces Dug 132 | . . 35 5 . . 9 5 6 . 72 Terrain Destroyed 487 | 2 3 116 28 2 . 12 5 6 . 313 Melee 36 | . . . . . . 6 5 6 . 19 Projectile 19 | . . 9 . 2 . 6 . . . 2 AOE 432 | 2 3 107 28 . . . . . . 292 Terrain Rammed . | . . . . . . . . . . . Walls Destroyed . | . . . . . . . . . . . Machines Disabled . | . . . . . . . . . . . Actions | -11 -10 -10 -10 -9 -9 -6 -6 -6 -6 -6 --------- Run | Yrd Mat Min Sub Rec Scr Fac Low Low Zio Dee Total 10301 | 106 542 1508 2166 213 1317 1186 727 380 917 1239 Wait 1568 | . 27 1052 110 20 112 119 10 17 39 62 Move 7882 | 85 409 370 1796 154 1166 964 691 339 860 1048 Hop 5 | . . . . . . 1 1 2 . 1 Pick Up 91 | 2 18 5 34 1 8 11 2 . 4 6 Fast Attach 56 | 6 5 3 9 1 6 9 2 6 . 9 Attach 38 | . 1 10 11 1 1 8 . . 1 5 Detach 21 | . . 3 3 . 5 4 . 1 . 5 Swap 83 | . 8 7 25 . 9 7 2 1 8 16 Drop 91 | . 7 1 28 1 10 20 5 2 3 14 Fire 347 | 13 62 54 123 35 . 20 . . . 40 Melee 95 | . . . 17 . . 23 14 12 2 27 Ram 6 | . . . . . . . . . . 6 Kick . | . . . . . . . . . . . Crush 8 | . 5 3 . . . . . . . . Escape Stasis . | . . . . . . . . . . . Rewire . | . . . . . . . . . . . Trap 1 | . . . 1 . . . . . . . Miscellaneous 9 | . . . 9 . . . . . . . Route ------- -11/Scrapyard -10/Materials (discovered 4 exits: [*Mat x2] / *Min / *Sub) -10/Mines (discovered 2 exits: [*Mat] / *Sub) -10/Subcaves (discovered 2 exits: *Mat / *Rec) -9/Recycling (discovered 2 exits: Fac / *Scr) -9/Scraptown -6/Factory (discovered 8 exits: Fac x4 / *Low x2 / Ext x2) -6/Lower Caves -6/Lower Caves -6/Zion (discovered 2 exits: *Dee / [*Pro]) -6/Deep Caves History --------- Turn | Location | Event 2 | -11/Scrapyard | Met Revision 17 34 | -11/Scrapyard | Discovered new exit (range 12) 182 | -11/Scrapyard | Entered Materials 300 | -10/Materials | Build established: Mutant 393 | -10/Materials | Identified exit to Mines 498 | -10/Materials | Discovered new exit (range 14) 681 | -10/Materials | Discovered new exit (range 13) 826 | -10/Materials | Discovered new exit (range 9) 849 | -10/Materials | Prayed at D.C.S.S. Altar Unit 972 | -10/Materials | X0-1V1 announced a LAN party 982 | -10/Materials | Repaired Lgt. Treads 1020 | -10/Materials | Repaired Lgt. Cannon 1021 | -10/Materials | Core integrity restored by X0-1V1 (+37) 1138 | -10/Materials | Entered Mines 1170 | -10/Mines | Identified exit to Subcaves 1186 | -10/Mines | Assembled infested the area 1308 | -10/Mines | Core integrity fell below 50% 1346 | -10/Mines | Lost 5 parts (1p1n1u2w) 1528 | -10/Mines | X0-1V1 sent you into danger 1628 | -10/Mines | Discovered new exit (range 6) 1709 | -10/Mines | X0-1V1 mutated your Propulsion slot to Weapon slot 1888 | -10/Mines | X0-1V1 sent you into danger 2301 | -10/Mines | Energy generation permanently improved by X0-1V1 (+10; -100 max core) 2345 | -10/Mines | Utility slot count permanently improved by X0-1V1 (+1) 2371 | -10/Mines | X0-1V1 mutated your Weapon slot to Power slot 2577 | -10/Mines | System corruption reached 10% 2815 | -10/Mines | X0-1V1 sent you into danger 2898 | -10/Mines | Forcibly received Sfc. Transmogifier from X0-1V1 2991 | -10/Mines | Core integrity restored by X0-1V1 (+43) 3037 | -10/Mines | Core integrity permanently improved by X0-1V1 (+400) 3037 | -10/Mines | Entered Subcaves 3038 | -10/Subcaves | Approached by a straggling Scientist 3224 | -10/Subcaves | Discovered new exit (range 10) 3356 | -10/Subcaves | X0-1V1 activates XOMVISION 3862 | -10/Subcaves | Shifting Twisted Machinery released Flamer 3872 | -10/Subcaves | Build established: Subdweller-Mutant 3957 | -10/Subcaves | Shifting Twisted Machinery released Piercing Trap 4005 | -10/Subcaves | Disturbed a concealed Subdweller 4173 | -10/Subcaves | Identified exit to Materials 4173 | -10/Subcaves | X0-1V1 revealed exit location to -8/Materials 4264 | -10/Subcaves | Ambushed by Subdwellers from Twisted Machinery 4463 | -10/Subcaves | Learned location of Zion (-6) 4513 | -10/Subcaves | Shifting Twisted Machinery released Shrapnel Trap 4522 | -10/Subcaves | Shifting Twisted Machinery released Battle Cannon 4538 | -10/Subcaves | Shifting Twisted Machinery released Sub. Monowheel 4543 | -10/Subcaves | Shifting Twisted Machinery released Sub. Machine Gun 4789 | -10/Subcaves | X0-1V1 revealed exit location to -8/Materials 5030 | -10/Subcaves | X0-1V1 activates XOMVISION 5065 | -10/Subcaves | X0-1V1 sent hostile G-34 Mercenary (x3) 5089 | -10/Subcaves | Weapon slot count temporarily expanded by X0-1V1 (+1) 5096 | -10/Subcaves | X0-1V1 mutated your Utility slot to Weapon slot 5101 | -10/Subcaves | Core integrity restored by X0-1V1 (+82) 5122 | -10/Subcaves | X0-1V1 sent you into danger 5167 | -10/Subcaves | X0-1V1 sent hostile G-34 Mercenary (x4) 5277 | -10/Subcaves | X0-1V1 tapped a No Entrance sign 5499 | -10/Subcaves | Build established: Gunner 5588 | -10/Subcaves | X0-1V1 mutated your Weapon slot to Propulsion slot 5647 | -10/Subcaves | A swath of the cavern ceiling suddenly collapsed 5711 | -10/Subcaves | Visited Clippyterm 5714 | -10/Subcaves | Learned 40 Factory zone layouts 5857 | -10/Subcaves | Build established: Mutant 5970 | -10/Subcaves | Visited 4L-MR0's lab 6022 | -10/Subcaves | Found Flightbrick 6026 | -10/Subcaves | Found Sfc. Transmogrifier 6083 | -10/Subcaves | Core integrity restored by X0-1V1 (+99) 6084 | -10/Subcaves | X0-1V1 mutated your Weapon slot to Propulsion slot 6087 | -10/Subcaves | X0-1V1 sent hostile G-34 Mercenary (x3) 6107 | -10/Subcaves | X0-1V1 activates XOMVISION 6145 | -10/Subcaves | Core integrity restored by X0-1V1 (+126) 6150 | -10/Subcaves | Entered Recycling 6150 | -9/Recycling | Identified exit to Factory 6150 | -9/Recycling | X0-1V1 revealed exit location to -7/Factory 6189 | -9/Recycling | X0-1V1 added 0b10 threat records associated with you (considerable) 6230 | -9/Recycling | Identified exit to Scraptown 6230 | -9/Recycling | X0-1V1 revealed exit location to -9/Scraptown 6232 | -9/Recycling | X0-1V1 sent hostile G-34 Mercenary (x4) 6389 | -9/Recycling | Scanned before Scraplab entrance 6404 | -9/Recycling | Entered Scraplab 6414 | -9/Recycling | Entered Scraptown 6515 | -9/Scraptown | Build established: Scavenger-Mutant 6566 | -9/Scraptown | Visited UFD Registry 6566 | -9/Scraptown | Registered with UFD as "Railbucket" 6580 | -9/Scraptown | Visited The Evicted 6607 | -9/Scraptown | Visited Bundlers 6648 | -9/Scraptown | Scanned Subdweller tech in exchange for log data 6650 | -9/Scraptown | Learned location of Extension (-6) 6651 | -9/Scraptown | Learned location of 1 exit from Factory 6654 | -9/Scraptown | Learned 12 Factory zone layouts 6655 | -9/Scraptown | Learned location of Testing (-3) 6767 | -9/Scraptown | Visited TADAMA 6792 | -9/Scraptown | Visited Red Mages 6817 | -9/Scraptown | Heard Great Nut preacher, LISTEN AND RECITE! 7021 | -9/Scraptown | Build established: Mutant 7098 | -9/Scraptown | Visited Cyclists 7148 | -9/Scraptown | Visited Junk Repository 7185 | -9/Scraptown | Visited Curators Association 7218 | -9/Scraptown | Visited Observation Area 7268 | -9/Scraptown | Delivered Scrap Shield to a Scientist 7393 | -9/Scraptown | Visited Supply Room 7421 | -9/Scraptown | Visited Derelict Rescue Squad 7444 | -9/Scraptown | Visited Chapter 10 7525 | -9/Scraptown | Visited Science Guys 7623 | -9/Scraptown | Visited Junk Repository 8160 | -9/Scraptown | Met Optimus 8160 | -9/Scraptown | Accepted into 0bPrime 8285 | -9/Scraptown | Discovered new exit (range 3) 8290 | -9/Scraptown | Entered Factory 8290 | -6/Factory | Evolved 8 slots: Propulsion x4, Utility x4 8291 | -6/Factory | Identified exit to Lower Caves 8291 | -6/Factory | Attached Flightbrick, gained temporary slots: Utility x3 8292 | -6/Factory | Identified exit to Extension 8292 | -6/Factory | Identified exit to Factory 8329 | -6/Factory | X0-1V1 revealed exit location to -5/Factory 8340 | -6/Factory | Central database locked down 8487 | -6/Factory | X0-1V1 sent you to a vault 8534 | -6/Factory | Sensors blinded by X0-1V1 8626 | -6/Factory | X0-1V1 announced a LAN party 8834 | -6/Factory | System corruption reached 10% 8885 | -6/Factory | Hvy. Treads reconfigured into Item Mimic 8888 | -6/Factory | X0-1V1 added 0b10 threat records associated with you (considerable) 8914 | -6/Factory | Entered Lower Caves 8916 | -6/Lower Caves | UFD Scientist delivered a prototype 8920 | -6/Lower Caves | Found Prototype Protection 8927 | -6/Lower Caves | Learned Factory garrison access intel 8933 | -6/Lower Caves | Identified exit to Lower Caves 8965 | -6/Lower Caves | Attracted the attention of an 0b10 outpost 9016 | -6/Lower Caves | Arm. Medium Treads reconfigured into Item Mimic 9148 | -6/Lower Caves | Spotted B-75 Beast 9152 | -6/Lower Caves | System corruption reached 30% 9251 | -6/Lower Caves | Entered another Lower Caves area 9254 | -6/Lower Caves | Learned Factory interactive machine intel 9381 | -6/Lower Caves | Identified exit to Zion 9381 | -6/Lower Caves | X0-1V1 revealed exit location to -6/Zion 9383 | -6/Lower Caves | Learned Factory stockpile data 9431 | -6/Lower Caves | Encountered a Warlord checkpoint 9432 | -6/Lower Caves | Attracted the attention of an 0b10 checkpoint 9443 | -6/Lower Caves | Crushed by falling debris 9459 | -6/Lower Caves | Entered Zion 9476 | -6/Zion | System corruption cleaned by Quarantine Array 9487 | -6/Zion | Discovered new exit (range 14) 9508 | -6/Zion | Identified Enh. Scrap Shield 9579 | -6/Zion | Acquired unknown access codes intercepted by a Zionite 9625 | -6/Zion | Found Prototype Special Weapon 9625 | -6/Zion | Identified RU-N14's Throwing Claymores 9629 | -6/Zion | Found RU-N14's Throwing Claymores 9688 | -6/Zion | Found Prototype Device 9688 | -6/Zion | Identified Phasing AFG 9715 | -6/Zion | Learned location of 1 exit from Lower Caves 9738 | -6/Zion | Given A8's code to call for help 9783 | -6/Zion | Opened final containment barrier to the Deep Caves 9784 | -6/Zion | Enhanced Grunt warped into view, answering call for help 9793 | -6/Zion | Enhanced Grunt warped into view, answering call for help 9820 | -6/Zion | Turned away by Imprinter 9859 | -6/Zion | Discovered new exit (range 3) 9859 | -6/Zion | Saw the warning signs outside the Deep Caves entrance 9885 | -6/Zion | Identified exit to Deep Caves 9894 | -6/Zion | Attacked by Zionites 9901 | -6/Zion | Entered Deep Caves 9901 | -6/Deep Caves | Accompanied by 2 allies 9981 | -6/Deep Caves | X0-1V1 poked a wall 9992 | -6/Deep Caves | Attacked by Z-Imprinter 9993 | -6/Deep Caves | Attached CPS modules to Z-Imprinter 9999 | -6/Deep Caves | Destroyed Z-Imprinter 10021 | -6/Deep Caves | Found Prototype Device 10021 | -6/Deep Caves | Identified Zio. Metafield Generator 10027 | -6/Deep Caves | Found Prototype Protection 10027 | -6/Deep Caves | Identified Zio. Weapon Casing 10069 | -6/Deep Caves | Z-Facility disabled 10153 | -6/Deep Caves | Found Zio. Weapon Casing 10402 | -6/Deep Caves | Spotted Assembler 10446 | -6/Deep Caves | Destroyed 22 combat bots 10507 | -6/Deep Caves | Spotted Assembler 10582 | -6/Deep Caves | Destroyed 16 combat bots 10585 | -6/Deep Caves | Lost 3 parts (3u) 10677 | -6/Deep Caves | Core integrity fell below 50% 10683 | -6/Deep Caves | Core integrity fell below 20% 10698 | -6/Deep Caves | X0-1V1 rescued you from certain death 10705 | -6/Deep Caves | Lost 3 parts (1p1n1u) 10735 | -6/Deep Caves | Spotted Golem 10750 | -6/Deep Caves | Spotted Golem 10751 | -6/Deep Caves | Destroyed by as-00346 with Assembled Heavy Rifle Last Messages --------------- 10680_ Penetrated by Slug. 10680_ Slammed into as-20616. 10680_ Penetrated by Slug. 10683_ Slammed into as-96408. 10683_ Slug penetrates Wall. 10684_ Slug penetrates as-67545. 10690_ as-44607 destroyed. 10691_ Penetrated by Slug. 10698_ System corrupted: Thunder Hammer rejected. 10698_ X0-1V1 decides a favorite toy is worth saving for now. 10698_ Core integrity partially restored (506). The surroundings shift and blur. 10721_ The unstable cave ceiling collapses. X0-1V1's Piety Tracker suddenly appears amidst shimmering waves of color. 10733_ The unstable cave ceiling collapses. 10739_ Golem: "DSI9AT1D G8OHIBQ29FWG 26R186 QD12WHW8W33 TDK1 81FTS" 10742_ Prc. Grenade Launcher destroyed. 10749_ 7U-O8K(M) destroyed. 10749_ 91-R68(g) destroyed. 10751_ X0-1V1 howls with laughter! Map ----- +----------------------------------------------------+ | ?????????????? ??????????????????????????? | | ???????????? ?#??#????????????????????? | | ??????????? # ? ????????????#####???? | | ??????????? # # ??????????### ##### | | ?????????? # ?###??????# # | | ?????????? # ?# #??????# | | ????????? ?# #????### | | ?????????"" ?# #??### # | | ????????" ## #?## # ## | | ????????" # ### ## | | ????????" # ## ##? | | ????????# [ # ! ### #?? | | ?????????" ## # ##?# #?? | | ?????????" #### ###?# ### | | ?????????" l ### ## #???# | | ?????????" ###########???# | | ????????""l #?# #?????????###### | | ??????### / ### ####???????????? | | ????""" # #?????????##? | | ???? g / l ####?????????#"# | | ???? % ###?????????#" | | ??? // #?????????#"# | | ??? a ###?????????### | | ??" a a##????????????? | | ??" #????????????? | | ??" ! @ a #????????????? | | ??????" g #????????????? | | ??????### ! ! #?????????###? | | ????????""s ! % #??####### #? | | ?????????" a #??# ## #? | | ?????????" a a#??#/ #?? | | ?????????" =/! #?#"# ##?? | | ?????????" / aaaa##### ##?? | | ????????# g = #???## ##? | | ????????" #????# ## | | ????????" g a#????# | | ????????"G ! a ????## ## | | ????????""" ! ???## #" | | ?????????? /! ??? ???# % ## | | ????????????? b ???????# #?# | | ??????????????? ?????????# # ### | | ??????????????????????????????## ### | | ??????????????????????????????# | | ??????????????????????????????##### | | ??????????????????????????????????## #### | | ???????????????????????????????????###???? | | ?????????????????????????????????????????? | | | | | | | +----------------------------------------------------+ Best States ------------- Heat Dissipation 134 Energy Generation 51 Energy Capacity 1310 Matter Stores 700 Matter Capacity 1000 Sight Range 19 Robot Scan Range 16 Terrain Scan Range 20 Terrain Scan Density 10 ECM Strength 1 Armor Coverage 800 Resistance: TH 25 Resistance: EM 25 Weapon Shielding 100 Phase Shifting 15 Evasion (%) 77 Melee Accuracy 8 Core Analysis 6 Recoil Reduction 2 Defensive Hacking 11 Item Schematics ----------------- CPS Tube | -6/Factory | Scanalyzed Multitool | -6/Factory | Scanalyzed Adv. Melee Analysis Suite | -6/Factory | Scanalyzed Imp. Recalibrator | -6/Zion | Archive Magnetic Acceleration Cannon | -6/Zion | Archive Imp. Hacking Suite | -6/Zion | Archive Mass Driver | -6/Zion | Archive Variable Charge Gun | -6/Zion | Archive Centrium Wheel | -6/Zion | Archive Remote Shield | -6/Zion | Archive Lrn. Proton Cannon | -6/Zion | Archive Hpw. Shock Rifle | -6/Zion | Archive Imp. Focal Shield | -6/Zion | Archive Lgt. Antimatter Reactor | -6/Zion | Archive Adv. Heat Sink | -6/Zion | Archive Point Defense System | -6/Zion | Archive Imp. Trap Scanner | -6/Zion | Archive HERF Cannon | -6/Zion | Archive Robot Schematics ------------------ T-07 Excavator | -6/Zion | Archive A-02 Transporter | -6/Zion | Archive A-15 Conveyor | -6/Zion | Archive Fabricated ------------ Nothing Repaired ---------- Lgt. Treads | 55% | -10/Materials Lgt. Cannon | 71% | -10/Materials Studied --------- Lgt. Fission Core | -6/Factory | Hacked Alien Tech Used ----------------- None Achievements -------------- None Challenges ------------ None Game ------ Seed GodBoltWartreads Manual? 0 Play Time 01:31:35 Cumulative 1319.5 hours Start 2026.07.01 @ 09:26:01 End 2026.07.01 @ 12:44:53 Sessions 1 Manual Loads 0 Difficulty Rogue Special Mode None Game No. 414 Rogue 412 Adventurer 2 Explorer 0 Win Type - Total 113 Types 33/27/26/2/1/1/17/2/1/3 Lore% 98 Gallery% 92 Achievement% 91 Wizard Run 0 Options --------- Layout 0 ASCII 0 Keyboard 1 Movement Numpad Keybinds 0 Fullscreen 1 Font 24/Smallcaps Map View 76x50 Zoom Use 0% Tactical HUD 1 Map Filters NONE Filters NONE Steam 1 RUN: 0be373ca-f998-46a7-94a4-be4aa307aa7c